 Dungeon Crawl Stone Soup version 0.30.1-3-gfc49f6343a (webtiles) character file.

Game seed: 3944339181222180586

551 spardeous the Digger (level 6, -3/45 HPs)
             Began as a Demigod Earth Elementalist on July 20, 2023.
             Slain by a gnoll
             ... wielding a +0 halberd
             ... led by a gnoll sergeant
              (16 damage)
             ... on level 6 of the Dungeon.
             The game lasted 00:05:37 (4664 turns).

spardeous the Digger (Demigod Earth Elementalist)   Turns: 4664, Time: 00:05:38

Health: -3/45      AC:  4    Str:  9    XL:     6   Next: 80%
Magic:  11/15      EV: 11    Int: 31    God:
Gold:   337        SH:  0    Dex: 14    Spells: 9/13 levels left

rFire   . . .        h - +3 dagger (vamp)
rCold   . . .        (no shield)
rNeg    . . .        n - +0 leather armour
rPois   .            s - +0 helmet
rElec   .            (no cloak)
rCorr   .            (no gloves)
SInv    .            (no boots)
Will    .....        (no amulet)
Stlth   ++           g - ring of wizardry
HPRegen 0.27/turn    m - +6 ring of intelligence
MPRegen 0.14/turn

%: wizardry (x1)
@: lethally poisoned (-3 -> -12)
A: high MP 1, forlorn, divine attributes
a: no special abilities


You were on level 6 of the Dungeon.
You visited 1 branch of the dungeon, and saw 6 of its levels.

You collected 337 gold pieces.

Inventory:

Hand Weapons
 h - a +3 vampiric dagger (weapon)
Armour
 n - a +0 leather armour (worn)
 s - a +0 helmet (worn)
Jewellery
 g - a ring of wizardry (left hand)
 m - a +6 ring of intelligence (right hand)
Wands
 p - a wand of paralysis (9)
Scrolls
 c - 3 scrolls of amnesia {unknown}
 d - 5 scrolls of identify {unknown}
 i - 4 scrolls of teleportation {unknown}
 j - a scroll of magic mapping {unknown}
 k - 2 scrolls of blinking {unknown}
 o - a scroll of fear {unknown}
 r - a scroll of torment {unknown}
Potions
 a - a potion of brilliance {unknown}
 b - a potion of magic
 e - 2 potions of cancellation {unknown}
 f - 2 potions of curing {unknown}
 l - 2 potions of mutation {unknown}
 q - a potion of degeneration {unknown}
 t - a potion of lignification {unknown}


   Skills:
 - Level 1.7 Dodging
 - Level 1.7 Stealth
 + Level 4.0 Spellcasting
 - Level 0.8 Transmutations
 - Level 6.2 Earth Magic


You had 9 spell levels left.
You knew the following spells:

 Your Spells              Type           Power      Damage    Failure   Level
a - Sandblast             Erth           88%        2d18      1%          1
b - Stone Arrow           Conj/Erth      50%        3d10      2%          3

Your spell library contained the following spells:

 Spells                   Type           Power      Damage    Failure   Level
 Passwall                 Tmut/Erth      23%        N/A       1%          2
 Sting                    Tmut/Pois      32%        1d4       2%          1
 Lesser Beckoning         Tloc           12%        N/A       5%          2
 Poisonous Vapours        Pois/Air       12%        N/A       5%          2
 Petrify                  Tmut/Erth      28%        N/A       9%          4
 Gell's Gravitas          Tloc           6%         N/A       11%         3
 Teleport Other           Tloc           6%         N/A       11%         3
 Olgreb's Toxic Radiance  Pois           6%         N/A       32%         4
 Summon Forest            Summ/Tloc      3%         N/A       65%         5
 Summon Mana Viper        Hex/Summ       6%         N/A       65%         5
 Summon Cactus Giant      Summ           3%         N/A       99%         6


Dungeon Overview and Level Annotations

Branches:
Dungeon (6/15)
 Temple: D:4-7

Annotations:
D:3 1 runed translucent door, turdburglar's ghost, weakling DsGl


Innate Abilities, Weirdness & Mutations

You have an increased reservoir of magic. (+10% MP)
You shall have no god before yourself.
Your divine heritage dramatically boosts your attributes as you level up.


Message History

Casting: Sandblast (safe; 1% risk of failure)
Confirm with . or Enter, or press ? or * to list all spells.
Aiming: Sandblast (safe; 1% risk of failure)
Press: ? - help, Shift-Dir - straight line, f - gnoll
Aim: a gnoll, wielding a +0 club (87% to hit)
The blast of sand hits the gnoll!
You kill the gnoll!
The gnoll shouts!
The gnoll hits you from afar with a +0 halberd!
Your Spellcasting skill increases to level 4!
Casting: Sandblast (safe; 1% risk of failure)
Confirm with . or Enter, or press ? or * to list all spells.
Aiming: Sandblast (safe; 1% risk of failure)
Press: ? - help, Shift-Dir - straight line, f - gnoll
Aim: a gnoll, wielding a +0 halberd (87% to hit)
The blast of sand misses the gnoll.
The blast of sand hits the gnoll sergeant but does no damage.
The gnoll hits you from afar with a +0 halberd!
Casting: Sandblast (safe; 1% risk of failure)
Confirm with . or Enter, or press ? or * to list all spells.
Aiming: Sandblast (safe; 1% risk of failure)
Press: ? - help, Shift-Dir - straight line, f/p - gnoll
Aim: a gnoll, wielding a +0 halberd (87% to hit)
The blast of sand hits the gnoll sergeant.
The gnoll sergeant is lightly wounded.
The gnoll sergeant hits you from afar with a +2 trident of venom!
You are poisoned.
Sorry, you're not good enough to have a special ability.
Casting: Sandblast (safe; 1% risk of failure)
Confirm with . or Enter, or press ? or * to list all spells.
Aiming: Sandblast (safe; 1% risk of failure)
Press: ? - help, Shift-Dir - straight line, f/p - gnoll
Aim: a gnoll, wielding a +0 halberd (87% to hit)
The blast of sand hits the gnoll sergeant!!
You kill the gnoll sergeant!
* * * LOW HITPOINT WARNING * * *
You feel very sick.
A rat comes into view.
The gnoll hits you from afar with a +0 halberd!
You die...

#. .. # #. .# .
#.###.#.##
.#...#..#
#.......#
#.......#
r..#.#.......##
.....g)@.......
...#######.####


You could see a gnoll and a rat (wandering).

Vanquished Creatures
  3 scorpions (D:5)
  A gnoll sergeant (D:6)
  An orc priest (D:4)
  3 orc wizards
  Robin (D:4)
  A gnoll (D:6)
  12 adders
  2 ufetubi
  3 dart slugs
  17 orcs
  2 ball pythons
  9 bats
  9 endoplasms
  7 giant cockroaches
  19 goblins
  8 hobgoblins
  5 quokkas
  A frilled lizard (D:1)
  9 kobolds
  4 rats
117 creatures vanquished.

Notes
Turn   | Place    | Note
-------+----------+-------------------------------------------
     0 | D:1      | spardeous the Demigod Earth Elementalist began the quest
                  | for the Orb.
     0 | D:1      | Reached XP level 1. HP: 14/14 MP: 5/5
    62 | D:1      | Reached skill level 3 in Earth Magic
   215 | D:1      | Reached XP level 2. HP: 18/20 MP: 1/7
   831 | D:1      | Reached XP level 3. HP: 25/26 MP: 4/8
   892 | D:1      | Reached skill level 4 in Earth Magic
  1396 | D:2      | Learned a level 3 spell: Stone Arrow
  2107 | D:3      | Found a runed translucent door.
  2107 | D:3      | Noticed turdburglar's ghost (weakling DsGl)
  2194 | D:3      | Reached XP level 4. HP: 33/33 MP: 7/9
  2726 | D:4      | Reached skill level 5 in Earth Magic
  2997 | D:4      | Reached XP level 5. HP: 23/35 MP: 5/10
  3239 | D:4      | Noticed Robin
  3248 | D:4      | Killed Robin
  3610 | D:5      | Entered Level 5 of the Dungeon
  3655 | D:5      | Reached skill level 6 in Earth Magic
  3994 | D:5      | Reached XP level 6. HP: 29/45 MP: 1/12
  4664 | D:6      | Slain by a gnoll

Illustrated notes

Levels and vault maps discovered:
D:1:      nicolae_arrival_washed_ashore, layout_basic
D:2:      layout_basic, hellmonk_ecumenical_altar_zigzags
D:3:      layout_rooms, grunt_temple_overflow_open,
          hellmonk_ghost_happy_afterlife
D:4:      layout_loops_ring, uniq_robin
D:5:      old_forge, layout_loops_ring
D:6:      layout_loops_ring, minmay_temple_entry_water_ring,
          cheibrodos_sewer_entry_drain, enter_ossuary_5, st_stairs_13

Skill      XL: |  1  2  3  4  5  6 |
---------------+-------------------+-----
Earth Magic    | 3 4 5 6 |  6.2
Spellcasting   | 2 4 |  4.0
Dodging        | |  1.7
Stealth        | |  1.7
Transmutations | |  0.8

Action                     |  1- 3 |  4- 6 || total
---------------------------+-------+-------++-------
  Melee: Unarmed           |     7 |       ||     7
         Dagger            |    10 |    18 ||    28
   Cast: Sandblast         |    63 |   100 ||   163
 Armour: Robe              |     9 |     2 ||    11
         Leather armour    |       |    10 ||    10
  Dodge: Dodged            |    31 |    41 ||    72
